 Dungeon Crawl Stone Soup version 0.23.0-2-g0fe3ce5 (webtiles) character file.

Game seed: 18418488322510898629

21634 Kairos the Cleaver (level 12, -4/64 HPs)
             Began as a Vine Stalker Fighter on Feb 19, 2019.
             Was a High Priest of Okawaru.
             Slain by a ten-headed hydra (6 damage)
             ... on level 4 of the Lair of Beasts.
             The game lasted 00:32:04 (11345 turns).

Kairos the Cleaver (Vine Stalker Fighter)          Turns: 11345, Time: 00:32:04

Health: -4/64      AC: 20    Str: 23    XL:     12   Next: 92%
Magic:  0/18       EV: 10    Int: 10    God:    Okawaru [*****.]
Gold:   1086       SH:  0    Dex: 22    Spells: 11/11 levels left

rFire    . . .     SeeInvis .   S - +8 executioner's axe (elec)
rCold    . . .     Gourm    .   (shield currently unavailable)
rNeg     + . .     Faith    .   c - +2 chain mail {rN+}
rPois    +         Spirit   +   J - +2 helmet "Dipraul" {+Blink rElec rPois Str-3}
rElec    +         Reflect  .   F - +0 cloak
rCorr    .         Harm     .   m - +0 pair of gloves
MR       +....                  r - +0 pair of boots
Stlth    ++........             (no amulet)
HPRegen  1.00/turn              R - +6 ring of dexterity
MPRegen  0.16/turn              l - +4 ring of strength

@: about to teleport
A: fangs 3, clever 1, regeneration 2, screaming 1, magic shield, antimagic bite,
no potion heal 3, rot immunity
a: Heroism, Finesse, Renounce Religion, Evoke Blink


You were on level 4 of the Lair of Beasts.
You worshipped Okawaru.
Okawaru was extremely pleased with you.
You were hungry.

You visited 2 branches of the dungeon, and saw 13 of its levels.
You also visited: Gauntlet.

You collected 1122 gold pieces.
You spent 36 gold pieces at shops.

Inventory:

Hand Weapons
 B - a +3 flail of crushing
 S - a +8 executioner's axe of electrocution (weapon)
 Y - a +4 war axe of electrocution
Missiles
 L - 2 steel javelins (quivered)
 W - 16 javelins of penetration
 X - 6 poisoned javelins
Armour
 c - a +2 chain mail of positive energy (worn)
 m - a +0 pair of gloves (worn)
 p - a +3 chain mail
 r - a +0 pair of boots (worn)
 y - a +1 chain mail of cold resistance
 C - a +0 shield
 F - a +0 cloak (worn)
 I - the +0 hat of the Swamp {rN+++}
   (You found it in a Gauntlet)

   It renders you almost immune to negative energy.
 J - the +2 helmet "Dipraul" (worn) {+Blink rElec rPois Str-3}
   (Okawaru gifted it to you on level 1 of the Lair of Beasts)

   It affects your strength (-3).
   It insulates you from electricity.
   It protects you from poison.
   It lets you blink.
 T - the +2 helmet "Cisujuacw" {-Cast rF+ Str+4}
   (You found it in a Gauntlet)

   It affects your strength (+4).
   It protects you from fire.
   It prevents spellcasting.
Jewellery
 k - an uncursed ring of resist corrosion
 l - a +4 ring of strength (right hand)
 Q - an uncursed ring of magical power
 R - a +6 ring of dexterity (left hand)
Wands
 a - a wand of flame (26)
 b - a wand of random effects (16)
 n - a wand of digging (8)
 o - a wand of enslavement (10)
 A - a wand of polymorph (8)
 G - a wand of disintegration (20)
 P - a wand of paralysis (21)
 Z - a wand of acid (5)
Scrolls
 g - 5 scrolls of immolation
 s - 2 scrolls of fog
 t - a scroll of blinking
 w - 3 scrolls of enchant armour
 x - 2 scrolls of teleportation
 E - 4 scrolls of fear
 K - a scroll of magic mapping
 M - 4 scrolls of remove curse
 O - 2 scrolls of random uselessness
 U - 3 scrolls of summoning {unknown}
 V - 3 scrolls of enchant weapon
Potions
 d - a potion of might
 e - 3 potions of curing
 h - a potion of cancellation {unknown}
 i - a potion of flight {unknown}
 j - 6 potions of heal wounds
 q - a potion of degeneration {unknown}
 u - 2 potions of brilliance
 v - a potion of mutation {unknown}
 z - 2 potions of agility
 H - a potion of resistance {unknown}
Miscellaneous
 D - a sack of spiders
 N - a fan of gales
Comestibles
 f - 41 rations


   Skills:
 + Level 7.7 Fighting
 + Level 11.2 Axes
 + Level 0.1(7.1) Maces & Flails
 + Level 1.4 Throwing
 + Level 7.6 Armour
 + Level 3.0 Dodging
 * Level 9.0 Stealth
 + Level 7.5 Shields
 * Level 6.7 Invocations


You had 11 spell levels left.
You didn't know any spells.
Your spell library contained the following spells:

 Spells                   Type           Power        Failure   Level  Hunger
 Animate Skeleton         Necr           N/A          94%         1    ##.....
 Magic Dart               Conj           #...         94%         1    ##.....
 Pain                     Necr           #...         94%         1    ##.....
 Sandblast                Erth           #.....       94%         1    ##.....
 Passwall                 Tmut/Erth      #.......     98%         2    ###....
 Searing Ray              Conj           #.....       98%         2    ###....
 Dazzling Spray           Conj/Hex       #.....       100%        3    ####...
 Regeneration             Chrm/Necr      #.........   100%        3    ####...
 Stone Arrow              Conj/Erth      #.....       100%        3    ####...
 Vampiric Draining        Necr           #.........   100%        3    ####...
 Animate Dead             Necr           N/A          100%        4    #####..
 Force Lance              Conj/Tloc      #.......     100%        4    #####..
 Fulminant Prism          Conj/Hex       #.........   100%        4    #####..
 Iskenderun's Mystic Bla  Conj           #.......     100%        4    #####..
 Petrify                  Tmut/Erth      #.......     100%        4    #####..
 Lee's Rapid Deconstruct  Erth           #.........   100%        5    ######.


Dungeon Overview and Level Annotations

Branches:
Dungeon (9/15)             Temple (0/1) D:6            Lair (4/6) D:8
 Shoals (0/4) Lair:4       Spider (0/4) Lair:3          Orc (0/2) D:9

Altars:
Fedhas
Gozag
Nemelex Xobeh
Okawaru
Sif Muna

Shops:
D:9 *

Annotations:
Lair:2 exclusion: oklob plant


Innate Abilities, Weirdness & Mutations

You have razor-sharp teeth.
You heal very quickly.
When hurt, damage is shared between your health and your magic reserves.
Your bite disrupts and absorbs the magic of your enemies.
Potions cannot restore your health.
You are immune to rotting.
Your mind is acute. (Int +2)
You occasionally shout uncontrollably at your foes.


Message History

The ten-headed hydra bites you but does no damage.
The ten-headed hydra bites you.
The ten-headed hydra bites you but does no damage.
The ten-headed hydra closely misses you.
The ten-headed hydra bites you but does no damage.
The ten-headed hydra bites you. x3
* * * LOW HITPOINT WARNING * * *
The ten-headed hydra bites you!
* * * LOW HITPOINT WARNING * * *
The ten-headed hydra bites you!
* * * LOW HITPOINT WARNING * * *
The ten-headed hydra bites you but does no damage.
The ten-headed hydra barely misses you. The ten-headed hydra bites you!
* * * LOW HITPOINT WARNING * * *
As you read the scroll of teleportation, it crumbles to dust.
You feel strangely unstable.
The ten-headed hydra closely misses you. x2
The ten-headed hydra bites you but does no damage.
The ten-headed hydra bites you!
You die...

#).....P# ........
#...... #.....###
##.......# . #P.......##
. ###.D....... .####
######.##@.......
....####.#.......####...
.......#.......###
..........######
.........## .....>....#
.........#...
............#
..#.........#


You could see a ten-headed hydra.

Vanquished Creatures
  A minotaur (Gauntlet)
  A blizzard demon (Gauntlet)
  A great orb of eyes (shapeshifter) (Gauntlet)
  A two-headed ogre (D:8)
  A queen ant (Gauntlet)
  A wolf spider (Lair:3)
  A shining eye (shapeshifter) (Gauntlet)
  A black mamba (Lair:1)
  3 spiny frogs
  A torpor snail (shapeshifter) (Gauntlet)
  2 ice devils (Gauntlet)
  A rime drake (Lair:4)
  2 komodo dragons
  A troll (D:9)
  A queen bee (Lair:1)
  4 jumping spiders (Lair:3)
  A hornet (Lair:3)
  5 hippogriffs
  Sigmund (D:6)
  4 redbacks (Lair:3)
  A wyvern (D:8)
  A hungry ghost (D:7)
  Eustachio (D:6)
  A basilisk (Lair:1)
  Edmund (D:6)
  6 soldier ants (Gauntlet)
  Duvessa (D:6)
  11 porcupines
  6 water moccasins
  A sky beast (D:8)
  5 black bears
  2 orc warriors (D:9)
  A phantom (D:4)
  7 necrophages (Lair:3)
  2 ogres
  17 wolves
  3 centaurs
  6 crocodiles
  2 big kobolds
  7 bullfrogs
  2 wyvern zombies (D:8)
  A gnoll sergeant (D:7)
  Dowan (D:6)
  3 scorpions
  34 killer bees
  4 wights (D:8)
  5 howler monkeys
  2 electric eels (Lair:1)
  2 crimson imps
  7 jellies
  A quasit (D:4)
  13 orc priests
  4 hounds
  Crazy Yiuf (D:6)
  3 iguanas
  5 worker ants
  A centaur skeleton (D:9)
  10 orc wizards
  A hound zombie (D:6)
  6 gnolls
  A howler monkey skeleton (D:9)
  8 adders
  2 shadow imps
  A white imp (Gauntlet)
  8 oozes
  An adder skeleton (D:7)
  3 worms (D:3)
  3 dart slugs (D:1)
  2 leopard geckos (D:4)
  38 orcs
  2 ball pythons (D:4)
  4 bats
  5 giant cockroaches
  6 goblins
  6 hobgoblins
  4 jackals (D:3)
  2 quokkas
  A frilled lizard (D:4)
  11 kobolds
  2 leopard gecko zombies
  3 rats
  4 fungi
339 creatures vanquished.

Vanquished Creatures (others)
  24 fungi
  19 plants
43 creatures vanquished.

Grand Total: 382 creatures vanquished

Notes
Turn   | Place    | Note
-------+----------+-------------------------------------------
     0 | D:1      | Kairos the Vine Stalker Fighter began the quest for the
                  | Orb.
     0 | D:1      | Reached XP level 1. HP: 11/11 MP: 2/2
    85 | D:1      | Reached XP level 2. HP: 5/16 MP: 1/3
   386 | D:1      | Reached skill level 2 in Axes
   391 | D:1      | Reached XP level 3. HP: 20/20 MP: 4/4
  1466 | D:3      | Gained mutation: Your natural rate of healing is unusually
                  | fast. [Vine Stalker growth]
  1466 | D:3      | Reached XP level 4. HP: 18/24 MP: 3/5
  1467 | D:3      | Reached skill level 1 in Stealth
  1539 | D:3      | Found an opulent altar of Gozag.
  1943 | D:3      | Reached XP level 5. HP: 28/28 MP: 6/6
  1952 | D:3      | Reached skill level 3 in Axes
  2274 | D:4      | Reached XP level 6. HP: 19/32 MP: 7/7
  2583 | D:4      | Reached skill level 4 in Axes
  2583 | D:4      | Reached XP level 7. HP: 35/37 MP: 8/8
  3048 | D:4      | Reached skill level 5 in Axes
  3238 | D:5      | Entered Level 5 of the Dungeon
  3259 | D:4      | Gained mutation: You have razor-sharp teeth. [Vine Stalker
                  | growth]
  3259 | D:4      | Reached XP level 8. HP: 42/42 MP: 9/9
  3262 | D:4      | Reached skill level 1 in Dodging
  3297 | D:5      | Found a deep blue altar of Sif Muna.
  3451 | D:5      | Found a blossoming altar of Fedhas.
  3560 | D:5      | Reached skill level 6 in Axes
  3646 | D:6      | Noticed Eustachio
  3656 | D:6      | Killed Eustachio
  3675 | D:6      | Found a runed translucent door.
  3676 | D:6      | Noticed Crazy Yiuf
  3689 | D:6      | Noticed Edmund
  3703 | D:6      | Killed Edmund
  3710 | D:6      | Reached skill level 5 in Fighting
  3716 | D:6      | Noticed Duvessa
  3716 | D:6      | Noticed Dowan
  3731 | D:6      | Killed Duvessa
  3731 | D:6      | Reached XP level 9. HP: 43/47 MP: 8/10
  3733 | D:6      | Killed Dowan
  3733 | D:6      | Reached skill level 5 in Armour
  3751 | D:6      | Found a staircase to the Ecumenical Temple.
  3802 | D:6      | Noticed Sigmund
  3811 | D:6      | Killed Sigmund
  3811 | D:6      | Reached skill level 7 in Axes
  3851 | D:6      | Found an iron altar of Okawaru.
  3873 | D:6      | Became a worshipper of Warmaster Okawaru
  4128 | D:6      | Killed Crazy Yiuf
  4466 | D:7      | Reached * piety under Okawaru
  4466 | D:7      | Reached skill level 5 in Shields
  4680 | D:7      | Found an opulent altar of Gozag.
  4680 | D:7      | You fall through a shaft for 2 floors!
  4690 | D:9      | Reached skill level 8 in Axes
  4807 | D:9      | Found a staircase to the Orcish Mines.
  4941 | D:9      | Noticed a troll
  4959 | D:9      | Reached XP level 10. HP: 27/53 MP: 9/11
  5125 | D:8      | Noticed a two-headed ogre
  5137 | D:8      | Killed a two-headed ogre
  5137 | D:8      | Reached ** piety under Okawaru
  5137 | D:8      | Reached skill level 1 in Invocations
  5460 | D:7      | Found a sparkling altar of Nemelex Xobeh.
  5784 | D:8      | Reached skill level 1 in Throwing
  5874 | D:8      | Found a staircase to the Lair.
  5995 | D:8      | Reached *** piety under Okawaru
  6087 | D:8      | You fall through a shaft!
  6128 | D:9      | Reached skill level 5 in Stealth
  6239 | D:9      | Found Vouggeat's Assorted Antiques.
  6247 | D:9      | Bought a scroll labeled EPHE OSAVE for 36 gold pieces
  6453 | D:9      | Reached skill level 9 in Axes
  6945 | D:8      | Reached XP level 11. HP: 51/58 MP: 14/14
  7442 | Lair:1   | Entered Level 1 of the Lair of Beasts
  7583 | Lair:1   | Found a gate leading to a gauntlet.
  7592 | Lair:1   | Reached **** piety under Okawaru
  7604 | Gauntlet | Entered a Gauntlet
  7604 | Gauntlet | Found a transporter.
  7613 | Gauntlet | Noticed a queen ant
  7615 | Gauntlet | Found a transporter.
  7618 | Gauntlet | Found a transporter.
  7633 | Gauntlet | Found a transporter.
  7635 | Gauntlet | Found a transporter.
  7650 | Gauntlet | Found a transporter.
  7656 | Gauntlet | Noticed an orb spider
  7658 | Gauntlet | an orb spider changed into an eye of draining
  7664 | Gauntlet | Noticed a blizzard demon
  7666 | Gauntlet | Found a runed translucent gate.
  7667 | Gauntlet | Found a transporter.
  7667 | Gauntlet | Found a runed translucent gate.
  7668 | Gauntlet | Found a runed translucent gate.
  7672 | Gauntlet | Found a transporter.
  7674 | Gauntlet | Noticed a moth of wrath
  7693 | Gauntlet | Found a transporter.
  7702 | Gauntlet | Found a runed translucent door.
  7703 | Gauntlet | Found a transporter.
  7704 | Gauntlet | Found a runed translucent door.
  7706 | Gauntlet | Noticed a dire elephant
  7718 | Gauntlet | Found a transporter.
  7728 | Gauntlet | Found a transporter.
  7736 | Gauntlet | Found a transporter.
  7804 | Gauntlet | Found a transporter.
  7822 | Gauntlet | Noticed a shock serpent
  7837 | Gauntlet | Noticed a sea snake
  7882 | Gauntlet | Noticed a mana viper
  7886 | Gauntlet | a mana viper changed into a merfolk
  7965 | Gauntlet | Killed a queen ant
  7988 | Gauntlet | Noticed a faun
  7990 | Gauntlet | Noticed an anaconda
  7993 | Gauntlet | Noticed an ice dragon
  7993 | Gauntlet | an anaconda changed into an ice dragon
  7995 | Gauntlet | Noticed a mana viper
  7995 | Gauntlet | a faun changed into a mana viper
  8021 | Gauntlet | Noticed an eight-headed hydra
  8042 | Gauntlet | a mana viper changed into a dream sheep
  8047 | Gauntlet | Noticed a death drake
  8047 | Gauntlet | a yaktaur changed into a death drake
  8051 | Gauntlet | Noticed a moth of wrath
  8051 | Gauntlet | a dream sheep changed into a moth of wrath
  8059 | Gauntlet | Noticed a shining eye
  8059 | Gauntlet | a death drake changed into a shining eye
  8059 | Gauntlet | Noticed a great orb of eyes
  8059 | Gauntlet | an eight-headed hydra changed into a great orb of eyes
  8064 | Gauntlet | Gained mutation: You occasionally shout uncontrollably at
                  | your foes. [a shining eye]
  8069 | Gauntlet | Killed a great orb of eyes
  8069 | Gauntlet | Reached ***** piety under Okawaru
  8072 | Gauntlet | Gained mutation: Your mind is acute. (Int +2) [a shining
                  | eye]
  8074 | Gauntlet | Killed a shining eye
  8088 | Gauntlet | Noticed a spark wasp
  8100 | Gauntlet | Noticed a moth of wrath
  8100 | Gauntlet | a wind drake changed into a moth of wrath
  8101 | Gauntlet | a moth of wrath changed into a guardian serpent
  8108 | Gauntlet | Noticed a salamander
  8108 | Gauntlet | a yak changed into a salamander
  8111 | Gauntlet | Noticed a manticore
  8111 | Gauntlet | a salamander changed into a manticore
  8114 | Gauntlet | Noticed a fire dragon
  8114 | Gauntlet | a spark wasp changed into a fire dragon
  8116 | Gauntlet | a manticore changed into an elephant
  8166 | Gauntlet | Killed a blizzard demon
  8166 | Gauntlet | Reached skill level 10 in Axes
  8166 | Gauntlet | Reached skill level 5 in Invocations
  8188 | Gauntlet | Noticed an anaconda
  8188 | Gauntlet | Noticed an ice dragon
  8188 | Gauntlet | an anaconda changed into an ice dragon
  8192 | Gauntlet | Got a heavily runed helmet
  8202 | Gauntlet | Identified the +2 helmet "Cisujuacw" {-Cast rF+ Str+4} (You
                  | found it in a Gauntlet)
  8204 | Gauntlet | Noticed a faun
  8208 | Gauntlet | Noticed a minotaur
  8225 | Gauntlet | Killed a minotaur
  8225 | Gauntlet | Received a gift from Okawaru
  8277 | Gauntlet | Got a transparent hat
  8308 | Gauntlet | Identified the +0 hat of the Swamp {rN+++} (You found it in
                  | a Gauntlet)
  8408 | Lair:1   | Received a gift from Okawaru
  8411 | Lair:1   | Got a twisted helmet {god gift}
  8427 | Lair:1   | Gained mutation: You heal very quickly. [Vine Stalker
                  | growth]
  8427 | Lair:1   | Reached XP level 12. HP: 52/63 MP: 15/17
  8438 | Lair:1   | Identified the +2 helmet "Dipraul" {+Blink rElec rPois
                  | Str-3} (Okawaru gifted it to you on level 1 of the Lair of
                  | Beasts)
  9212 | Lair:1   | Noticed a seven-headed hydra
 10125 | Lair:3   | Reached skill level 11 in Axes
 10136 | Lair:3   | Received a gift from Okawaru
 10450 | Lair:3   | Found a hole to the Spider Nest.
 11319 | Lair:4   | Found a staircase to the Shoals.
 11340 | Lair:4   | Noticed an eight-headed hydra
 11344 | Lair:4   | HP: 1/64 [ten-headed hydra (6)]
 11345 | Lair:4   | Slain by a ten-headed hydra

Skill      XL: |  1  2  3  4  5  6  7  8  9 10 11 12 |
---------------+-------------------------------------+-----
Fighting       | 3 4 5 6 7 |  7.7
Axes           | 2 3 4 5 6 8 9 10 11 | 11.2
Armour         | 3 4 5 6 7 |  7.6
Stealth        | 1 2 5 7 9 |  9.0
Shields        | 3 4 5 6 7 |  7.5
Dodging        | 1 2 3 |  3.0
Invocations    | 3 5 6 |  6.7
Throwing       | 1 |  1.4
Maces & Flails | |  0.1

Action                   |  1- 3 |  4- 6 |  7- 9 | 10-12 || total
-------------------------+-------+-------+-------+-------++-------
Melee: War axe           |    65 |   113 |    23 |   311 ||   512
       Bite              |    13 |    29 |   108 |   251 ||   401
       Hand axe          |       |       |   276 |   198 ||   474
       Executioner's axe |       |       |       |    38 ||    38
       Flail             |       |       |       |     5 ||     5
Throw: Javelin           |       |     1 |       |    15 ||    16
Invok: Heroism           |       |       |     2 |    11 ||    13
       Finesse           |       |       |       |     2 ||     2
  Use: Scroll            |     2 |       |     8 |    10 ||    20
       Potion            |       |     2 |       |     3 ||     5
 Stab: Sleeping          |       |       |       |     1 ||     1
  Eat: Chunk             |       |     6 |     8 |    17 ||    31
       Ration            |       |       |       |     1 ||     1
Armor: Scale mail        |    17 |       |     1 |       ||    18
       Chain mail        |    14 |    47 |   140 |   295 ||   496
Dodge: Dodged            |    12 |    20 |    81 |   207 ||   320
Block: Shield            |    45 |    44 |   155 |   273 ||   517
